 Dungeon Crawl Stone Soup version 0.18.1-48-g4cf74bf (webtiles) character file.

163751 Peloso the Peltast (level 17, -3/154 HPs)
             Began as a Minotaur Fighter on Aug 18, 2016.
             Was a High Priest of Okawaru.
             Slain by Peloso's illusion (9 damage)
             ... woven by Mara
             ... on level 3 of the Spider Nest.
             The game lasted 02:10:01 (36971 turns).

Peloso the Peltast (Minotaur Fighter)              Turns: 36971, Time: 02:10:02

Health: -3/154     AC: 25    Str: 26 (27) XL:     17   Next: 24%
Magic:  23/27      EV: 17    Int:  5      God:    Okawaru [*****.]
Gold:   2527       SH: 24    Dex: 20      Spells: 1 memorised, 14 levels left

rFire  . . .     SeeInvis .     r - +2 long sword (elec)
rCold  . . .     Gourm    .     A - +0 plate armour
rNeg   . . .     Faith    .     G - +0 large shield "Mearieb" {rPois MP+9}
rPois  +         Spirit   .     (helmet restricted)
rElec  .         Dismiss  .     M - +0 cloak
rCorr  +         Reflect  .     V - +2 pair of fencer's gloves {LBl+4 SBl+4 EV+3 Dex+6}
SustAt .         Harm     .     F - +1 pair of boots
MR     +....                    (no amulet)
Stlth  ..........               U - ring of resist corrosion
                                c - +3 ring of strength

@: about to teleport, finesse, somewhat resistant to hostile enchantments,
extremely unstealthy
A: retaliatory headbutt, horns 2
a: Heroism, Finesse, Renounce Religion


You were on level 3 of the Spider Nest.
You worshipped Okawaru.
Okawaru was extremely pleased with you.
You were hungry.

You visited 6 branches of the dungeon, and saw 29 of its levels.
You also visited: Labyrinth and Bailey.

You collected 2527 gold pieces.

Inventory:

Hand Weapons
 r - a +2 long sword of electrocution (weapon)
 H - a +2 falchion of electrocution
 N - a +2 falchion of holy wrath
 P - a +1 war axe of flaming
Armour
 A - a +0 plate armour (worn)
 B - a +0 shield of protection
 F - a +1 pair of boots (worn)
 G - the +0 large shield "Mearieb" (worn) {rPois MP+9}
   (You found it on level 7 of the Lair of Beasts)

   It protects you from poison.
   It affects your magic capacity (+9).
 K - a +1 buckler of protection
 M - a +0 cloak (worn)
 T - a +4 chain mail of cold resistance
 V - the +2 pair of fencer's gloves (worn) {LBl+4 SBl+4 EV+3 Dex+6}
   (You acquired it on level 2 of the Lair of Beasts)

   It affects your evasion (+3).
   It affects your dexterity (+6).
Jewellery
 a - an uncursed ring of magical power
 c - a +3 ring of strength (left hand)
 O - an uncursed ring of protection from magic
 U - a ring of resist corrosion (right hand)
Wands
 b - a wand of slowing (16/48)
 s - a wand of acid (2/15)
 Y - a wand of hasting (4/9)
Scrolls
 e - 6 scrolls of enchant armour
 g - 13 scrolls of identify
 j - a scroll of teleportation
 m - 7 scrolls of amnesia
 o - 15 scrolls of remove curse
 q - 5 scrolls of fog
 w - 7 scrolls of enchant weapon
 y - 3 scrolls of recharging
 z - 2 scrolls of blinking
 I - 7 scrolls of magic mapping
 Q - 2 scrolls of brand weapon
 W - a scroll of silence
Potions
 d - 2 potions of might
 n - 3 potions of agility
 t - 8 potions of flight
 x - a potion of resistance
 C - a potion of invisibility
 D - 2 potions of haste
 J - 3 potions of heal wounds
 L - a potion of cancellation
 R - 2 potions of cure mutation
 X - 3 potions of curing
 Z - 2 potions of magic
Books
 v - a book of Geomancy

   Spells                             Type                      Level
   a - Sandblast                      Earth                        1
   b - Passwall                       Transmutation/Earth          2
   c - Stone Arrow                    Conjuration/Earth            3
   d - Petrify                        Transmutation/Earth          4
   e - Lee's Rapid Deconstruction     Earth                        5
Comestibles
 f - 15 bread rations
 h - 5 beef jerkies
 i - 3 royal jellies
 k - 22 fruits
 l - 11 slices of pizza
 E - 14 meat rations


   Skills:
 + Level 14.9 Fighting
 + Level 17.7(21.7) Long Blades
 + Level 1.6 Axes
 + Level 16.3 Armour
 + Level 10.3 Dodging
 + Level 2.0 Stealth
 + Level 19.6 Shields
 + Level 0.3 Spellcasting
 + Level 0.4 Transmutations
 + Level 0.1 Earth Magic
 + Level 3.9 Invocations
 + Level 1.0 Evocations


You had 14 spell levels left.
You knew the following spells:

 Your Spells              Type           Power        Failure   Level  Hunger
a - Passwall              Trmt/Erth      #.........   100%        2    ###....


Dungeon Overview and Level Annotations

Branches:
Dungeon (14/15)            Temple (1/1) D:5            Lair (8/8) D:8
  Swamp (0/4) Lair:3       Spider (3/4) Lair:5        Slime (0/6) Lair:7
    Orc (2/2) D:9             Elf (1/3) Orc:2
 Vaults: D:13-14

Altars:
Ashenzari
Cheibriados
Dithmenos
Elyvilon
Fedhas
Gozag
Kikubaaqudgha
Makhleb
Nemelex Xobeh
Okawaru
Pakellas
Qazlal
Ru
Sif Muna
Trog
Vehumet
Xom
Yredelemnul
Zin
The Shining One
Beogh
Jiyva

Shops:
D:9 =   D:10 =   Orc:2 :}%[(   Elf:1 !

Portals:
Trove: D:10 (give 12 potions of heal wounds)

Annotations:
Spider:3 Mara


Innate Abilities, Weirdness & Mutations

You reflexively headbutt those who attack you in melee.
You have a pair of horns on your head.


Message History

You block Peloso's illusion's attack.
You closely miss Mara.
Mara is moderately wounded.
You feel like a meek peon again. Mara closely misses you.
You furiously retaliate!
You headbutt Mara! You block Peloso's illusion's attack.
Unknown command.
You slash Mara!
Mara is severely wounded.
Mara blinks!
Unknown command.
You closely miss Mara. You headbutt Mara, but do no damage.
Mara is severely wounded.
Unknown command.
You miss Mara. Your headbutt misses Mara.
Mara is severely wounded.
You block Mara's attack. Peloso's illusion hits you.
* * * LOW HITPOINT WARNING * * *
You are electrocuted!
You die...

#.... ###### ##... #####
#.##.## #### ##.#.##
##.....####### .
##.....###.......#.....
....##.......##.......#^....
.....@.R††§.##R.#..........#
........##@R....##.........#
"......##..@....####.#....##
......# #......## ####..##
...... ##..##.# #### .....#
####### #.... #....


You could see 2 Maras and Peloso's illusion.

Vanquished Creatures
  Arachne (Spider:2)
  Wiglaf (Spider:2)
  The ghost of XYNTA the Eclecticist, an adept OpTm of Gozag (Spider:1)
  2 ghost moths (Spider:3)
  Maud (Lair:8)
  2 orc warlords
  2 emperor scorpions (Spider:3)
  Nessos (D:12)
  A dire elephant (Lair:8)
  2 spark wasps (Spider:3)
  A minotaur (Lab)
  The ghost of Siika the Blocker, a journeyman FoFi of Okawaru (D:11)
  Snorg (D:11)
  Erolcha (D:11)
  3 entropy weavers
  9 hydras
  A catoblepas (Lair:8)
  3 centaur warriors (D:13)
  A deep troll shaman (Lair:8)
  15 death yaks
  A tengu warrior (D:13)
  A queen ant (Lair:7)
  7 dancing weapons (Elf:1)
  10 deep elf knights
  An unseen horror (D:11)
  A swamp dragon (Lair:3)
  2 hill giants
  3 deep elf archers
  2 orc knights (Orc:2)
  17 orb spiders
  19 wolf spiders
  An ugly thing (D:13)
  20 deep elf magi
  A griffon (Lair:7)
  A hornet (Spider:1)
  2 orc sorcerers (Orc:2)
  2 octopodes (shapeshifter)
  A manticore (D:13)
  2 moths of wrath (Spider:3)
  5 cyclopes
  A black mamba (Lair:5)
  A torpor snail (Lair:7)
  26 elephants
  The ghost of Tagedieb the Magician, a novice VSEn of Okawaru (Bailey)
  3 gargoyles
  12 spiny frogs
  A centaur skeleton (D:12)
  8 komodo dragons
  4 rime drakes
  10 demonic crawlers
  2 trolls
  2 tengu conjurers (D:13)
  A polar bear (Lair:6)
  The ghost of GFox the Shield-Bearer, an amateur FoFi of Okawaru (D:3)
  26 jumping spiders
  26 blink frogs
  A boulder beetle (Lair:7)
  7 slime creatures
  83 redbacks
  An air elemental (Elf:1)
  A wyvern (D:9)
  Sigmund (D:3)
  34 tarantellas
  36 yaks
  2 basilisks
  Eustachio (D:6)
  5 fire elementals
  12 hippogriffs
  A human (D:7)
  4 hungry ghosts
  Grum (D:9)
  A mottled dragon (D:11)
  7 wargs
  5 soldier ants (Lair:7)
  11 water moccasins
  10 porcupines
  35 orc warriors
  4 sky beasts
  5 ice beasts
  2 eyes of draining
  A wasp (D:13)
  3 black bears
  4 phantoms
  2 necrophages
  14 wolves
  15 ogres
  12 centaurs
  16 crocodiles
  3 big kobolds
  8 gnoll sergeants (Bailey)
  19 giant frogs
  An earth elemental (Elf:1)
  2 scorpions
  A wyvern skeleton (D:7)
  18 killer bees
  6 wights
  6 electric eels
  7 howler monkeys
  9 crimson imps
  2 giant frog zombies
  9 hounds
  14 orc priests
  3 giant frog skeletons
  5 jellies
  28 orc wizards
  6 gnoll shamans (Bailey)
  Jessica (D:3)
  13 iguanas
  14 worker ants
  25 sheep
  2 hound zombies
  A mummy (D:10)
  2 worker ant zombies (D:10)
  20 gnolls
  12 adders
  69 river rats
  4 shadow imps
  An ooze (D:1)
  2 adder zombies
  2 worms
  2 dart slugs
  8 giant geckos
  83 orcs
  4 bats
  5 giant cockroaches (D:1)
  6 goblins
  5 hobgoblins
  18 jackals
  A quokka (D:5)
  4 giant newts
  A jackal skeleton (D:5)
  21 kobolds
  A quokka zombie (D:5)
  7 rats
  A butterfly (Lair:1)
  5 plants
1098 creatures vanquished.

Vanquished Creatures (others)
  A deep elf knight (Elf:1)
  A wizard (D:10)
  An orc wizard (D:5)
  27 fungi
  18 plants
48 creatures vanquished.

Grand Total: 1146 creatures vanquished

Notes
Turn   | Place    | Note
--------------------------------------------------------------
     0 | D:1      | Peloso the Minotaur Fighter began the quest for the Orb.
     0 | D:1      | Reached XP level 1. HP: 19/19 MP: 0/0
    87 | D:1      | Reached skill level 4 in Shields
   114 | D:1      | Reached XP level 2. HP: 24/27 MP: 1/1
   315 | D:1      | Reached XP level 3. HP: 33/33 MP: 2/2
   669 | D:1      | Reached skill level 1 in Dodging
   926 | D:2      | You fall through a shaft!
  1126 | D:2      | Found a shimmering altar of Xom.
  1209 | D:2      | Found a basalt altar of Yredelemnul.
  1224 | D:2      | Reached XP level 4. HP: 40/40 MP: 3/3
  1479 | D:2      | Found a sparkling altar of Nemelex Xobeh.
  1479 | D:2      | Found a white marble altar of Elyvilon.
  1784 | D:3      | Found an opulent altar of Gozag.
  1858 | D:4      | Reached skill level 5 in Shields
  2294 | D:4      | Reached XP level 5. HP: 38/46 MP: 4/4
  2300 | D:4      | Found a sacrificial altar of Ru.
  2479 | D:3      | Noticed Sigmund
  2513 | D:3      | Killed Sigmund
  2513 | D:3      | Reached skill level 5 in Armour
  2513 | D:3      | Reached XP level 6. HP: 33/53 MP: 5/5
  2561 | D:3      | Found an ancient bone altar of Kikubaaqudgha.
  2723 | D:3      | Noticed Jessica
  2741 | D:3      | Killed Jessica
  2868 | D:3      | Noticed GFox's ghost (amateur FoFi)
  2896 | D:3      | HP: 2/55 [GFox's ghost (13)]
  2899 | D:3      | Killed GFox's ghost
  2899 | D:3      | Reached skill level 5 in Fighting
  2899 | D:3      | Reached skill level 6 in Shields
  2899 | D:3      | Reached XP level 7. HP: 2/61 MP: 6/6
  3197 | D:5      | Entered Level 5 of the Dungeon
  3459 | D:5      | Found a staircase to the Ecumenical Temple.
  3478 | Temple   | Entered the Ecumenical Temple
  3568 | D:5      | Reached skill level 5 in Long Blades
  3568 | D:5      | Reached XP level 8. HP: 51/69 MP: 7/7
  3639 | D:5      | Reached skill level 7 in Shields
  3800 | D:5      | Found a burning altar of Makhleb.
  4519 | D:6      | Noticed Eustachio
  4540 | D:6      | Killed Eustachio
  4695 | D:6      | Reached XP level 9. HP: 78/78 MP: 8/8
  4760 | D:6      | Reached skill level 8 in Shields
  5304 | D:5      | Found a blossoming altar of Fedhas.
  5304 | D:5      | Found a shattered altar of Ashenzari.
  5304 | D:5      | Found a snail-covered altar of Cheibriados.
  5304 | D:5      | Found a bloodstained altar of Trog.
  5444 | D:7      | Reached skill level 9 in Shields
  6021 | D:7      | Found a glowing silver altar of Zin.
  6270 | D:8      | Reached skill level 5 in Dodging
  6270 | D:8      | Reached XP level 10. HP: 80/88 MP: 9/9
  6448 | D:8      | Found a stormy altar of Qazlal.
  6651 | D:8      | Reached skill level 10 in Shields
  6945 | D:8      | Found a staircase to the Lair.
  7079 | D:9      | Reached skill level 10 in Armour
  7103 | D:9      | Found a staircase to the Orcish Mines.
  7139 | D:9      | Found Qugy's Jewellery Boutique.
  7245 | D:9      | Noticed Grum
  7261 | D:9      | Killed Grum
  7490 | D:9      | Found a flagged portal.
  7512 | Bailey   | Entered a bailey
  7726 | Bailey   | Noticed Tagedieb's ghost (novice VSEn)
  7745 | Bailey   | Killed Tagedieb's ghost
  7932 | Bailey   | Reached skill level 11 in Shields
  7942 | Bailey   | Reached XP level 11. HP: 34/95 MP: 10/10
  8680 | D:9      | Found an iron altar of Okawaru.
  8863 | D:9      | Became a worshipper of Warmaster Okawaru
  8881 | D:10     | Entered Level 10 of the Dungeon
  8882 | D:10     | Found Iryess's Jewellery Shoppe.
  9425 | D:10     | Noticed a deep elf mage
  9426 | D:10     | Noticed a wizard
  9434 | D:10     | Killed a wizard
  9439 | D:10     | Killed a deep elf mage
  9439 | D:10     | Reached * piety under Okawaru
  9439 | D:10     | Reached skill level 10 in Long Blades
 10198 | D:10     | Noticed a deep elf mage
 10199 | D:10     | Noticed a deep elf mage
 10200 | D:10     | Noticed a sun demon
 10230 | D:10     | Killed a deep elf mage
 10230 | D:10     | Reached ** piety under Okawaru
 10236 | D:10     | Identified the Compendium of Axaxaxas mlö
 10245 | D:10     | Identified the Incunabulum of Combed Thunderclap
 10258 | D:10     | Identified Ts'ui Pên's Volume of Forking Paths
 10358 | D:10     | Found a portal to a secret trove of treasure.
 10629 | D:10     | Found a stormy altar of Qazlal.
 10786 | D:11     | Noticed Erolcha
 10793 | D:11     | Paralysed by Erolcha for 2 turns
 10797 | D:11     | Killed Erolcha
 10797 | D:11     | Reached skill level 12 in Shields
 10923 | D:11     | Killed an unseen horror
 10928 | D:11     | Noticed a hill giant
 10936 | D:11     | Killed a hill giant
 11160 | D:11     | Noticed Siika's ghost (journeyman FoFi)
 11177 | D:11     | Killed Siika's ghost
 11177 | D:11     | Reached *** piety under Okawaru
 11624 | D:11     | Noticed Snorg
 11638 | D:11     | Killed Snorg
 11638 | D:11     | Reached **** piety under Okawaru
 11638 | D:11     | Reached skill level 10 in Fighting
 11638 | D:11     | Reached XP level 12. HP: 60/106 MP: 8/11
 11968 | D:12     | Noticed Nessos
 12465 | Lair:1   | Entered Level 1 of the Lair of Beasts
 13424 | Lair:2   | Identified a scroll of acquirement
 13453 | Lair:2   | Noticed a four-headed hydra
 13595 | Lair:2   | Reached ***** piety under Okawaru
 14268 | Lair:2   | Killed a ten-headed hydra
 14268 | Lair:2   | Reached skill level 13 in Shields
 14565 | Lair:3   | Reached skill level 1 in Invocations
 14664 | Lair:3   | Received a gift from Okawaru
 14745 | Lair:3   | Found a staircase to the Swamp.
 15272 | Lair:4   | Noticed a four-headed hydra
 15294 | Lair:4   | Killed a 19-headed hydra
 15723 | Lair:4   | Noticed an eight-headed hydra
 15724 | Lair:4   | Noticed an eight-headed hydra
 15734 | Lair:4   | Noticed a five-headed hydra
 15981 | D:12     | Reached XP level 13. HP: 116/116 MP: 11/13
 16094 | D:12     | Reached skill level 1 in Stealth
 16478 | D:12     | Killed Nessos
 17196 | D:13     | Received a gift from Okawaru
 17196 | D:13     | Reached skill level 14 in Shields
 18904 | Lair:5   | Found a hole to the Spider Nest.
 19315 | Lair:5   | Reached XP level 14. HP: 126/126 MP: 14/14
 19929 | Lair:6   | Received a gift from Okawaru
 20021 | Lair:6   | Reached skill level 15 in Shields
 20399 | Lair:7   | Found a viscous altar of Jiyva.
 20399 | Lair:7   | Found a staircase to the Slime Pits.
 20427 | Lair:7   | Got a steaming large shield
 20438 | Lair:7   | Identified the cursed +0 large shield "Mearieb" {rPois MP+9} (You found it on level 7 of the Lair of Beasts)
 20510 | Lair:7   | Received a gift from Okawaru
 21624 | Lair:8   | Entered Level 8 of the Lair of Beasts
 21673 | Lair:8   | Reached skill level 16 in Shields
 21742 | Lair:8   | Found a labyrinth entrance.
 21751 | Lab      | Entered a labyrinth
 23788 | Lab      | Identified the Grimoire of the Compass
 23788 | Lab      | Identified Olohuw's Grimoire of Venomous Companions
 24309 | Lair:8   | Noticed Maud
 24320 | Lair:8   | Killed Maud
 24668 | Lair:8   | Reached skill level 15 in Long Blades
 24668 | Lair:8   | Reached XP level 15. HP: 107/135 MP: 14/16
 24686 | Lair:8   | Received a gift from Okawaru
 25118 | Lair:8   | Learned a level 2 spell: Passwall
 25376 | Orc:1    | Entered Level 1 of the Orcish Mines
 25477 | Orc:1    | Found a roughly hewn altar of Beogh.
 25610 | Orc:2    | Entered Level 2 of the Orcish Mines
 25643 | Orc:2    | Found a staircase to the Elven Halls.
 25726 | Orc:2    | Found a roughly hewn altar of Beogh.
 25763 | Orc:2    | Found Fonopt's Gadget Shoppe.
 25839 | Orc:2    | Found Zoidaryzxe's Book Emporium.
 26379 | Orc:2    | Noticed an orc warlord
 26405 | Orc:2    | Killed an orc warlord
 26492 | Orc:2    | Found Qasch's Antique Armour Shoppe.
 26523 | Orc:2    | Found a roughly hewn altar of Beogh.
 26526 | Orc:2    | Found Qeomp's Antique Weapon Emporium.
 26612 | Orc:2    | Found a roughly hewn altar of Beogh.
 26778 | Orc:2    | Found a roughly hewn altar of Beogh.
 26825 | Orc:2    | Found Quaw's Food Shoppe.
 26990 | Orc:2    | Found a deep blue altar of Sif Muna.
 27094 | Elf:1    | Entered Level 1 of the Elven Halls
 27592 | Elf:1    | Reached skill level 17 in Shields
 27754 | Elf:1    | Reached skill level 1 in Evocations
 28056 | Elf:1    | Reached skill level 15 in Armour
 28411 | Elf:1    | Received a gift from Okawaru
 29168 | Elf:1    | Found Qepsies's Distillery.
 29535 | Orc:1    | Noticed an orc warlord
 29908 | Orc:1    | Killed an orc warlord
 30482 | Lair:4   | Reached XP level 16. HP: 138/146 MP: 17/17
 30672 | Lair:4   | Received a gift from Okawaru
 31402 | Spider:1 | Entered Level 1 of the Spider Nest
 31428 | Spider:1 | Reached skill level 1 in Axes
 31517 | Spider:1 | Noticed XYNTA's ghost (adept OpTm)
 31543 | Spider:1 | Killed XYNTA's ghost
 31883 | Spider:1 | Reached skill level 10 in Dodging
 32015 | Spider:1 | Reached skill level 18 in Shields
 32659 | Spider:2 | Received a gift from Okawaru
 32692 | Spider:2 | Noticed Arachne
 32712 | Spider:2 | Killed Arachne
 32964 | Spider:2 | Noticed Wiglaf
 32985 | Spider:2 | Killed Wiglaf
 34922 | Spider:3 | Reached skill level 19 in Shields
 35315 | Spider:3 | Received a gift from Okawaru
 35670 | Spider:3 | Reached XP level 17. HP: 143/154 MP: 18/18
 35707 | Spider:3 | HP: 5/154 [jumping spider (13)]
 36157 | Spider:3 | Reached ****** piety under Okawaru
 36923 | Spider:3 | Noticed Mara
 36938 | Spider:3 | Noticed Peloso's illusion
 36971 | Spider:3 | HP: 6/154 [Peloso's illusion[Mara] (5)]
 36971 | Spider:3 | Slain by Peloso's illusion

Skill      XL: |  1  2  3  4  5  6  7  8  9 10 11 12 13 14 15 16 |
---------------+-------------------------------------------------+-----
Shields        | 4 5 6 7 9 11 12 13 14 16 17 19 | 19.6
Dodging        | 1 2 3 4 5 6 7 8 9 10 | 10.3
Armour         | 4 5 6 8 9 10 12 13 14 15 16 | 16.3
Long Blades    | 3 4 5 6 8 9 11 12 14 15 16 17 | 17.7
Fighting       | 4 5 6 7 8 10 11 12 13 14 | 14.9
Invocations    | 1 2 3 |  3.9
Stealth        | 1 2 |  2.0
Evocations     | 1 |  1.0
Axes           | 1 |  1.6
Spellcasting   | |  0.3
Transmutations | |  0.4
Earth Magic    | |  0.1

Action                   |  1- 3 |  4- 6 |  7- 9 | 10-12 | 13-15 | 16-18 || total
-------------------------+-------+-------+-------+-------+-------+-------++-------
Melee: Long sword        |   101 |   131 |   405 |    24 |   314 |   831 ||  1806
       Headbutt          |    12 |    31 |    90 |   230 |   530 |   278 ||  1171
       Falchion          |       |       |       |   921 |  1296 |       ||  2217
       Short sword       |       |       |       |     2 |       |       ||     2
       War axe           |       |       |       |       |       |    17 ||    17
Invok: Heroism           |       |       |       |     4 |    20 |     5 ||    29
       Finesse           |       |       |       |     2 |     5 |     1 ||     8
Evoke: Wand              |       |       |       |     1 |    10 |       ||    11
  Use: Scroll            |       |     4 |     9 |    23 |    10 |     5 ||    51
       Potion            |       |     1 |       |     1 |     1 |     5 ||     8
 Stab: Distracted        |       |       |       |     1 |       |       ||     1
  Eat: Chunk             |     1 |     6 |    11 |    32 |    40 |    17 ||   107
       Beef jerky        |       |       |       |     1 |     5 |     4 ||    10
       Fruit             |       |       |       |       |     2 |       ||     2
Armor: Scale mail        |    38 |       |       |       |       |       ||    38
       Chain mail        |    16 |    47 |   186 |   469 |    70 |       ||   788
       Plate armour      |       |       |       |       |   442 |   320 ||   762
Dodge: Dodged            |    31 |    23 |   122 |   534 |   847 |   489 ||  2046
Block: Shield            |    71 |    38 |   218 |   205 |       |       ||   532
       Buckler           |       |       |       |   298 |   611 |    37 ||   946
       Large shield      |       |       |       |       |   236 |   958 ||  1194
